 Dungeon Crawl Stone Soup version 0.24.0-13-gcf9b319 (webtiles) character file.

Game seed: 10056733875174044134, levelgen mode: deterministic

67 EndlessMike the Ruffian (level 4, -1/38 HPs)
             Began as a Demonspawn Chaos Knight on Apr 13, 2020.
             Was a Plaything of Xom.
             Slain by a kobold
             ... wielding a +0 whip
              (5 damage)
             ... on level 3 of the Dungeon.
             The game lasted 00:04:13 (1884 turns).

EndlessMike the Ruffian (Demonspawn Chaos Knight)   Turns: 1884, Time: 00:04:15

Health: -1/38      AC:  5    Str: 11 (14) XL:     4   Next: 0%
Magic:  4/4        EV: 11    Int: 11 (13) God:    Xom [......]
Gold:   102        SH:  0    Dex: 11 (12) Spells: 3/3 levels left

rFire    . . .     SeeInvis .     - Unarmed
rCold    . . .     Gourm    .   (no shield)
rNeg     . . .     Faith    .   a - +2 leather armour
rPois    .         Spirit   .   (helmet restricted)
rElec    .         Reflect  .   (no cloak)
rCorr    .         Harm     .   (no gloves)
MR       ++...                  (no boots)
Stlth    +.........             (no amulet)
HPRegen  0.12/turn              c - ring of protection from magic
MPRegen  0.09/turn              (no ring)

@: no status effects
A: antennae 1, talons 1, blurry vision 2, magic resistance 1, powered by death
1, robust 1
a: Renounce Religion


You were on level 3 of the Dungeon.
You worshipped Xom.
You were a very special plaything of Xom.
You were very hungry.

You visited 1 branch of the dungeon, and saw 3 of its levels.

You collected 102 gold pieces.

Inventory:

Missiles
 i - 8 datura-tipped darts
 n - 12 poisoned darts (quivered)
Armour
 a - a +2 leather armour (worn)
 j - a +0 chain mail
Jewellery
 c - a ring of protection from magic (left hand)
 p - a +5 ring of evasion {unknown}
Wands
 l - a wand of digging (4)
Scrolls
 e - a scroll of amnesia {unknown}
 f - a scroll of remove curse
 g - 2 scrolls of identify {unknown}
 h - 2 scrolls of teleportation
 r - a scroll of enchant weapon {unknown}
Potions
 d - a potion of agility
Comestibles
 b - 3 rations


   Skills:
 - Level 3.0 Fighting
 - Level 1.7 Armour
 - Level 0.8 Dodging
 + Level 4.4 Unarmed Combat


You had 3 spell levels left.
You didn't know any spells.
Your spell library was empty.

Dungeon Overview and Level Annotations

Branches:
Dungeon (3/15)

Altars:


Innate Abilities, Weirdness & Mutations

You have a pair of small antennae on your head.
You have sharp toenails.
You regenerate a little health from kills.
Scrolls take you longer to read.
You are resistant to hostile enchantments. (MR+)
You are robust. (+10% HP)


Message History

The giant cockroach barely misses you.
You see here a stone.
The kobold hits you but does no damage.
Found an escape hatch in the floor.
You hit the adder.
The adder is moderately wounded.
The adder bites you but does no damage. The giant cockroach bites you.
The ooze hits you.
* * * LOW HITPOINT WARNING * * *
The kobold hits you with a +0 whip.
* * * LOW HITPOINT WARNING * * *
The quokka zombie barely misses you.
It was a potion of degeneration.
There was something very wrong with that liquid.
You feel weakened.
You feel dopey.
You feel clumsy. The adder barely misses you. The giant cockroach bites you.
* * * LOW HITPOINT WARNING * * *
The kobold hits you with a +0 whip.
You die...
Xom laughs nastily!

##..............#.#.# #g.sb...
...#######.###......######o..S...
..## ...# ##.....(....oo......
#.# #.######......(##..........
#.####. #.....(†...s##.......
#...## #........o...........
###....# #....(.o.g####.......
.##...####..ZsS....# ##..#### #
#.......J@Kg...# ##.#
............## .# .###..?......#
.# #.........# #.........#
#.........# #.........#
##....>....


You could see an ooze, an adder, 2 orcs, a quokka zombie, 2 giant cockroaches, a
hobgoblin, a goblin and a kobold.

Vanquished Creatures
  3 adders (D:2)
  A worm (D:3)
  2 dart slugs (D:1)
  A leopard gecko (D:2)
  8 bats
  2 giant cockroaches
  5 goblins
  2 hobgoblins
  A jackal (D:3)
  6 kobolds
  2 ball pythons
  2 rats
35 creatures vanquished.

Notes
Turn   | Place    | Note
-------+----------+-------------------------------------------
     0 | D:1      | EndlessMike the Demonspawn Chaos Knight began the quest for
                  | the Orb.
     0 | D:1      | Reached XP level 1. HP: 18/18 MP: 1/1
    43 | D:1      | Reached skill level 3 in Unarmed Combat
    81 | D:1      | XOM: harmless Chrm miscast
   139 | D:1      | XOM: divination: detect creatures
   160 | D:1      | XOM: harmless Fire miscast
   226 | D:1      | Gained mutation: You have sharp toenails. [demonic
                  | ancestry]
   226 | D:1      | Reached XP level 2. HP: 24/24 MP: 2/2
   673 | D:1      | XOM: mild Hex miscast
   726 | D:1      | XOM is BORED!
   726 | D:1      | XOM: harmless Summ miscast
   743 | D:1      | XOM: harmless Chrm miscast
   801 | D:2      | XOM: silly message
   858 | D:2      | Gained mutation: You have a pair of small antennae on your
                  | head. [demonic ancestry]
   858 | D:2      | Reached XP level 3. HP: 26/29 MP: 3/3
  1050 | D:2      | Reached skill level 4 in Unarmed Combat
  1105 | D:2      | XOM: cloud trail
  1303 | D:2      | XOM: cloud trail
  1409 | D:2      | Gained mutation: You tend to lose your temper in combat.
                  | [mutagenic glow]
  1423 | D:2      | XOM: noise
  1462 | D:2      | Gained mutation: Scrolls take you a little longer to read.
                  | [mutagenic glow]
  1507 | D:2      | Gained mutation: Armour fits poorly on your strangely
                  | shaped body. [mutagenic glow]
  1550 | D:2      | Gained mutation: Scrolls take you longer to read.
                  | [mutagenic glow]
  1556 | D:3      | Lost mutation: Armour fits poorly on your strangely shaped
                  | body. [potion of mutation]
  1556 | D:3      | Lost mutation: You tend to lose your temper in combat.
                  | [potion of mutation]
  1556 | D:3      | Gained mutation: You are resistant to hostile enchantments.
                  | (MR+) [potion of mutation]
  1556 | D:3      | Gained mutation: You are robust. (+10% HP) [potion of
                  | mutation]
  1775 | D:3      | XOM: silly message
  1784 | D:3      | XOM: noise
  1877 | D:3      | Gained mutation: You regenerate a little health from kills.
                  | [demonic ancestry]
  1877 | D:3      | Reached XP level 4. HP: 16/38 MP: 4/4
  1884 | D:3      | Slain by a kobold

Levels and vault maps discovered:
D:1:      wander_arrival_desolate, layout_basic, chequers_jeans,
          hangedman_decor_diamond_cutter
D:2:      layout_basic, eino_curves_03, corexii_shack
D:3:      layout_rooms, ebering_ghost_reflecting_pool, portal_sewer_entry_b

Skill      XL: |  1  2  3 |
---------------+----------+-----
Unarmed Combat | 3 4 |  4.4
Fighting       | |  3.0
Armour         | |  1.7
Dodging        | |  0.8

Action                   |  1- 3 |  4- 6 || total
-------------------------+-------+-------++-------
Melee: Unarmed           |   110 |     1 ||   111
       Punch             |     3 |       ||     3
       Kick              |    18 |       ||    18
  Use: Potion            |     5 |     1 ||     6
       Scroll            |     3 |       ||     3
  Eat: Chunk             |     2 |       ||     2
Armor: Leather armour    |    53 |     5 ||    58
       Skin              |     2 |       ||     2
Dodge: Dodged            |   105 |     5 ||   110
